 Dungeon Crawl Stone Soup version 0.28-a0-769-g550dbda0cd (webtiles) character file.

Game seed: 7341031225480107988

95 timneilson the Shield-Bearer (level 4, 0/28 HPs)
             Began as a Gargoyle Fighter on Oct 31, 2021.
             Slain by a gnoll (3 damage)
             ... on level 2 of the Dungeon.
             The game lasted 00:01:48 (1167 turns).

timneilson the Shield-Bearer (Gargoyle Fighter)     Turns: 1167, Time: 00:01:48

Health: 0/28       AC: 15    Str: 20    XL:     4   Next: 66%
Magic:  4/4        EV:  7    Int:  9    God:
Gold:   85         SH:  4    Dex:  9    Spells: 3/3 levels left

rFire   . . .      SeeInvis .   a - +0 long sword
rCold   . . .      Faith    .   c - +0 buckler
rNeg    + . .      Spirit   .   f - +0 chain mail
rPois   ∞          Reflect  .   (no helmet)
rElec   +          Harm     .   (no cloak)
rCorr   +          Rampage  .   (no gloves)
Will    .....                   g - +1 pair of boots
Stlth   ..........              (no amulet)
HPRegen 0.09/turn               b - ring of resist corrosion
MPRegen 0.09/turn               (no ring)

@: no status effects
A: sickness immunity, AC +3, negative energy resistance 1, electricity
resistance, torment resistance 1, petrification resistance
a: no special abilities


You were on level 2 of the Dungeon.
You visited 1 branch of the dungeon, and saw 2 of its levels.

You collected 85 gold pieces.

Inventory:

Hand Weapons
 a - a +0 long sword (weapon)
Armour
 c - a +0 buckler (worn)
 f - a +0 chain mail (worn)
 g - a +1 pair of boots (worn)
Jewellery
 b - a ring of resist corrosion (left hand)
Scrolls
 e - a scroll of identify
 i - a scroll of magic mapping {unknown}
Potions
 d - a potion of might
 h - a potion of curing
 j - 2 potions of cancellation {unknown}


   Skills:
 + Level 3.6 Fighting
 * Level 2.5 Long Blades
 * Level 4.0 Armour
 + Level 0.9 Dodging
 * Level 4.1 Shields


You had 3 spell levels left.
You didn't know any spells.
Your spell library was empty.

Dungeon Overview and Level Annotations

Branches:
Dungeon (2/15)

Altars:


Innate Abilities, Weirdness & Mutations

You are immune to sickness and miasma.
Your stone body is resilient. (AC +3)
You are immune to poison.
You resist negative energy. (rN+)
You are resistant to electric shocks. (rElec)
You are resistant to unholy torment.
You are immune to petrification.


Message History

You closely miss the gnoll.
The gnoll is moderately wounded.
You block the gnoll's attack.
The gnoll hits you from afar with a +0 halberd!
The gnoll misses you. The gnoll closely misses you.
You hit the gnoll.
The gnoll is severely wounded.
The gnoll closely misses you. The gnoll barely misses you.
You barely miss the gnoll.
The gnoll is severely wounded.
The gnoll hits you with a +0 falchion. The gnoll closely misses you.
You closely miss the gnoll.
The gnoll is severely wounded.
The gnoll hits you with a +0 falchion!
* * * LOW HITPOINT WARNING * * *
You block the gnoll's attack.
You hit the gnoll.
The gnoll is almost dead.
The gnoll hits you but does no damage. The gnoll barely misses you.
You block the gnoll's attack. The gnoll closely misses you.
You hit the gnoll.
The gnoll is almost dead.
The gnoll hits you but does no damage. x2
You hit the gnoll but do no damage.
The gnoll is almost dead.
The gnoll hits you but does no damage. The gnoll closely misses you.
You hit the gnoll.
You kill the gnoll!
The gnoll hits you from afar with a +0 halberd.
* * * LOW HITPOINT WARNING * * *
Your Armour skill increases to level 4!
You feel better.
The gnoll hits you from afar with a +0 halberd.
* * * LOW HITPOINT WARNING * * *
The gnoll hits you but does no damage.
You see here a +0 falchion.
You closely miss the gnoll. The gnoll hits you with a +0 halberd.
* * * LOW HITPOINT WARNING * * *
The gnoll hits you with a +0 halberd.
You die...

######### ... ..... #........
.... ..... #........ ........
#........ ...#.. ####........
#######.##.# #...........
#^......##.# ###.##........
#.###..........###...##<.......
#.............gg@..####........
...##..........##### #........
..............## #####)###
#.............#### #.#
####...............### #.#
#....................######.###
..#............#####†##.......#
.......#....##.# #..#.......#
###.....#...##.######.........#


You could see 2 gnolls.

Vanquished Creatures
  6 gnolls (D:2)
  A worm (D:2)
  4 endoplasms (D:1)
  2 giant cockroaches
  A goblin (D:2)
  6 hobgoblins
  4 ball pythons
  2 bats (D:1)
  5 frilled lizards
  A kobold (D:1)
  4 rats
36 creatures vanquished.

Notes
Turn   | Place    | Note
-------+----------+-------------------------------------------
     0 | D:1      | timneilson the Gargoyle Fighter began the quest for the
                  | Orb.
     0 | D:1      | Reached XP level 1. HP: 14/14 MP: 1/1
   218 | D:1      | Reached XP level 2. HP: 17/19 MP: 2/2
   706 | D:2      | Reached XP level 3. HP: 23/23 MP: 3/3
   886 | D:2      | Reached XP level 4. HP: 10/28 MP: 4/4
  1167 | D:2      | Slain by a gnoll

Illustrated notes

Levels and vault maps discovered:
D:1:      saegor_arrival_simple_e, layout_loops_ring, minmay_misc_feat_tiny
D:2:      layout_rooms, kennysheep_generic_room_6

Skill      XL: |  1  2  3  4 |
---------------+-------------+-----
Long Blades    | 2 |  2.5
Shields        | 4 |  4.1
Armour         | 4 |  4.0
Fighting       | |  3.6
Dodging        | |  0.9

Action                   |  1- 3 |  4- 6 || total
-------------------------+-------+-------++-------
Melee: Long sword        |    60 |    42 ||   102
  Use: Scroll            |     1 |       ||     1
       Potion            |       |     1 ||     1
Armor: Scale mail        |     6 |       ||     6
       Chain mail        |    26 |    31 ||    57
Dodge: Dodged            |    18 |    22 ||    40
Block: Buckler           |    11 |     9 ||    20

Table legend: (Time is in decaauts)
 A = Elapsed time spent in this place.
 B = Non-inter-level travel time spent in this place.
 C = Inter-level travel time spent in this place.
 D = Time resting spent in this place.
 E = Time spent auto-exploring this place.
 F = Levels seen in this place.
 G = Mean time per level.
                   A        B        C        D        E       F      G
               +--------+--------+--------+--------+--------+-----+--------+
         Total |   1196 |   1173 |     23 |      0 |    892 |   2 |  598.0 |
       Dungeon |   1196 |   1173 |     23 |      0 |    892 |   2 |  598.0 |
               +--------+--------+--------+--------+--------+-----+--------+

Top non-repeatable levels by time:
     D:1: 688 daAuts
     D:2: 508 daAuts
